 Dungeon Crawl Stone Soup version 0.14-a0-426-gb52781e (webtiles) character file.

4146 PolkaDot the Conjurer (level 9, -4/57 HPs)
             Began as a Vampire Conjurer on Oct 28, 2013.
             Was an Elder of Vehumet.
             Slain by a wolf (9 damage)
             ... led by Grum
             ... on Level 9 of the Dungeon.
             The game lasted 00:58:08 (7864 turns).

PolkaDot the Conjurer (Vampire Conjurer)            Turns: 7864, Time: 00:58:08

HP  -4/57        AC  5     Str  5 (7)  XL: 9   Next: 87%
MP   9/16        EV 12     Int 20      God: Vehumet [****..]
Gold 515         SH  0     Dex 14      Spells:  5 memorised,  1 level left

Res.Fire  : . . .   See Invis. : +   k - +2 sabre (venom)
Res.Cold  : . . .   Warding    : .   a - +0 robe
Life Prot.: . . .   Conserve   : .   (no shield)
Res.Poison: .       Res.Corr.  : .   o - +1 cap
Res.Elec. : .       Clarity    : .   A - +0 cloak
Sust.Abil.: . .     Spirit.Shd : .   f - +0 pair of elf gauntlets
Res.Mut.  : .       Stasis     : .   (no boots)
Res.Rott. : .       Flight     : .   (no amulet)
Saprovore : . . .                    (no ring)
                                     d - ring of regeneration

@: regenerating quickly, somewhat resistant to hostile enchantments, stealthy
A: bottle blood, fangs 3, see invisible, unbreathing
a: Bottle Blood, Renounce Religion


You were on level 9 of the Dungeon.
You worshipped Vehumet.
Vehumet was greatly pleased with you.
You were very full.

You visited 1 branch of the dungeon, and saw 9 of its levels.

You collected 495 gold pieces.

Inventory:

Hand weapons
 e - a +2,+5 orcish dagger of holy wrath
 k - a +2,+2 sabre of venom (weapon)
Armour
 a - a +0 robe (worn)
 f - a +0 pair of elven gauntlets (worn)
 o - a +1 cap (worn)
 z - a +1 troll leather armour
 A - a +0 cloak (worn)
Magical devices
 q - a wand of disintegration (9) {unknown}
 y - a wand of lightning (5)
Scrolls
 b - 2 scrolls of random uselessness {unknown}
 h - 4 scrolls of teleportation {unknown}
 i - 4 scrolls of fear {unknown}
 j - 9 scrolls of identify
 m - a scroll of curse armour {unknown}
 n - 5 scrolls of remove curse
 s - a scroll of fog {unknown}
 v - a scroll of curse jewellery {unknown}
 w - 2 scrolls of enchant weapon I
 x - a scroll of blinking {unknown}
Jewellery
 d - a ring of regeneration (left hand)
 p - an uncursed ring of protection from fire {unknown}
 r - an uncursed ring of ice
Potions
 g - 2 potions of restore abilities
 l - 11 potions of blood
Books
 c - a book of Conjurations

   Spells                             Type                      Level
   Magic Dart                         Conjuration                  1
   *Searing Ray                       Conjuration                  2
   Dazzling Spray                     Conjuration/Hexes            3
   Iskenderun's Mystic Blast          Conjuration                  4
   Iskenderun's Battlesphere          Conjuration/Charms           4
   Fulminant Prism                    Conjuration/Hexes            5
 u - a book of Death

   Spells                             Type                      Level
   Corpse Rot                         Necromancy                   2
   Sublimation of Blood               Necromancy                   2
   Agony                              Necromancy                   5
   Dispel Undead                      Necromancy                   5
   Excruciating Wounds                Charms/Necromancy            5
   Bolt of Draining                   Conjuration/Necromancy       6
Magical staves
 t - an uncursed staff of air


   Skills:
 * Level 2.3 Armour
 - Level 2.1 Dodging
 - Level 3.0 Stealth
 - Level 2.0 Spellcasting
 - Level 9.0 Conjurations
 + Level 6.2 Ice Magic
 + Level 5.0 Air Magic


You had one spell level left.
You knew the following spells:

 Your Spells              Type           Power        Failure   Level  Hunger
a - Sting                 Conj/Pois      ###.         1%          1    #......
d - Throw Frost           Conj/Ice       ####..       1%          2    ##.....
s - Searing Ray           Conj           #####.       1%          2    ##.....
x - Conjure Flame         Conj/Fire      ###.....     2%          3    ###....
z - Mephitic Cloud        Conj/Pois/Air  ###.....     2%          3    ###....


Dungeon Overview and Level Annotations

Branches:
Dungeon (9/27)             Temple (0/1) D:7             Orc (0/4) D:6
   Lair: D:8-13

Altars:
Fedhas
Makhleb
Vehumet
Beogh

Annotations:
D:9 Grum


Innate Abilities, Weirdness & Mutations

Your natural rate of healing is unusually fast.
You can bottle blood from corpses.
You have razor-sharp teeth.*
You have supernaturally acute eyesight.
You can survive without breathing.*


Message History

Grum is heavily wounded.
The wolf bites you.
* * * LOW HITPOINT WARNING * * *
The searing ray hits Grum.
Grum is severely wounded.
The searing ray hits the wolf.
The wolf is severely wounded.
The wolf bites you.
* * * LOW HITPOINT WARNING * * *
Grum hits you from afar with a spear!
* * * LOW HITPOINT WARNING * * *
The wolf misses you.
Read which item? (? for menu, Esc to quit)
Okay, then.
Drink which item? (? for menu, Esc to quit)
Okay, then.
Read which item? (? for menu, Esc to quit)
Okay, then.
The wolf bites you!
You die...

..........# #.#
....%.....# #.# .
....%.....# #.# ..
....%.....# ###.# ....
....%.....# #..$# ≈≈≈≈≈
..........# #.#h# ...≈≈≈
..........# #.#g##...≈≈≈
..........###.#.#...≈≈≈≈.
...............h@.⌠......
........<................
........................
........................
........................
#######################


You could see Grum and 2 wolves.

Vanquished Creatures
  A troll (D:8)
  A hippogriff (D:8)
  A hill giant skeleton (D:8)
  2 orc warriors (D:6)
  An ice beast (D:6)
  A black bear (D:8)
  A sky beast (D:7)
  3 phantoms
  3 ogres
  A big kobold (D:8)
  2 centaurs (D:5)
  2 giant frogs
  A gnoll sergeant (D:8)
  A troll zombie (D:9)
  A hippogriff skeleton (D:5)
  A giant frog zombie (D:7)
  7 hounds
  A goliath beetle (D:8)
  6 orc priests (D:6)
  A quasit (D:8)
  4 crimson imps
  A centaur zombie (D:8)
  2 jellies (D:8)
  3 iguanas
  8 orc wizards
  A scorpion (D:7)
  6 worker ants
  A sky beast zombie (D:7)
  3 gnolls (D:8)
  7 adders
  6 worms
  An iguana zombie (D:6)
  An adder skeleton (D:6)
  A giant eyeball (D:6)
  9 giant geckos
  An ooze (D:1)
  40 orcs
  11 bats
  5 giant cockroaches
  18 goblins
  11 hobgoblins
  10 jackals
  16 kobolds
  3 quokkas
  A ball python (D:3)
  8 giant newts
  A kobold zombie (D:8)
  An orc skeleton (D:4)
  A quokka skeleton (D:5)
  21 rats
  A rat zombie (D:5)
  A ballistomycete (D:6)
242 creatures vanquished.

Vanquished Creatures (others)
  A crimson imp (D:6)
  An orc (D:6)
  A giant spore (D:6)
3 creatures vanquished.

Grand Total: 245 creatures vanquished

Notes
Turn   | Place    | Note
--------------------------------------------------------------
     0 | D:1      | PolkaDot, the Vampire Conjurer, began the quest for the Orb.
     0 | D:1      | Reached XP level 1. HP: 13/13 MP: 4/4
   467 | D:1      | Reached XP level 2. HP: 19/19 MP: 1/5
  1062 | D:1      | Learned a level 2 spell: Searing Ray
  1334 | D:2      | Found a blossoming altar of Fedhas.
  1407 | D:2      | Reached XP level 3. HP: 24/24 MP: 4/6
  1647 | D:2      | Found a radiant altar of Vehumet.
  1655 | D:2      | Became a worshipper of Vehumet
  1968 | D:3      | Reached skill level 4 in Conjurations
  2093 | D:3      | Reached XP level 4. HP: 21/30 MP: 1/8
  2569 | D:3      | Reached XP level 5. HP: 35/35 MP: 3/9
  2604 | D:3      | Acquired Vehumet's first power
  2604 | D:3      | Offered knowledge of Sting by Vehumet.
  2750 | D:3      | Learned a level 1 spell: Sting
  2805 | D:3      | Reached skill level 5 in Conjurations
  3093 | D:4      | Noticed a phantom
  3158 | D:4      | Killed a phantom
  3158 | D:4      | Reached XP level 6. HP: 17/41 MP: 1/10
  3239 | D:4      | Noticed a phantom
  3349 | D:4      | Killed a phantom
  3349 | D:4      | Reached skill level 6 in Conjurations
  3890 | D:4      | Found a burning altar of Makhleb.
  3927 | D:5      | Entered Level 5 of the Dungeon
  3980 | D:5      | Offered knowledge of Throw Frost by Vehumet.
  3984 | D:5      | Learned a level 2 spell: Throw Frost
  4286 | D:5      | Reached XP level 7. HP: 46/46 MP: 6/11
  4403 | D:5      | Reached skill level 1 in Ice Magic
  4894 | D:6      | Offered knowledge of Mephitic Cloud by Vehumet.
  4901 | D:6      | Reached skill level 7 in Conjurations
  4912 | D:6      | Acquired Vehumet's second power
  4924 | D:6      | Gained mutation: You can translocate small distances at will. [potion of mutation]
  4931 | D:6      | Reached XP level 8. HP: 10/52 MP: 10/13
  4972 | D:6      | Found a staircase to the Orcish Mines.
  4972 | D:6      | Found a roughly hewn altar of Beogh.
  4999 | D:6      | Learned a level 3 spell: Mephitic Cloud
  5100 | D:6      | Reached skill level 1 in Air Magic
  5136 | D:6      | Offered knowledge of Conjure Flame by Vehumet.
  5241 | D:6      | Reached skill level 8 in Conjurations
  5372 | D:6      | Learned a level 3 spell: Conjure Flame
  5816 | D:7      | Reached XP level 9. HP: 54/57 MP: 10/16
  5953 | D:7      | Acquired Vehumet's third power
  5953 | D:7      | Reached skill level 5 in Ice Magic
  6059 | D:7      | Found a staircase to the Ecumenical Temple.
  6138 | D:7      | Offered knowledge of Olgreb's Toxic Radiance by Vehumet.
  6651 | D:8      | Lost mutation: You can translocate small distances at will. [potion of cure mutation]
  6890 | D:8      | Paralysed by a potion of paralysis for 3 turns
  7059 | D:8      | Reached skill level 9 in Conjurations
  7247 | D:8      | Reached skill level 1 in Armour
  7792 | D:9      | Reached skill level 5 in Air Magic
  7853 | D:9      | Noticed Grum
  7864 | D:9      | Slain by a wolf

Action                   |  1- 3 |  4- 6 |  7- 9 || total
-------------------------+-------+-------+-------++-------
Melee: Unarmed           |     7 |       |       ||     7
       Short sword       |    18 |    61 |    17 ||    96
       Staff             |       |     1 |    13 ||    14
       Sabre             |       |       |   162 ||   162
 Cast: Magic Dart        |    60 |    26 |       ||    86
       Searing Ray       |     3 |    28 |    65 ||    96
       Sting             |       |    25 |    52 ||    77
       Throw Frost       |       |     1 |     5 ||     6
       Conjure Flame     |       |       |    23 ||    23
 Abil: Bottle Blood      |       |       |    34 ||    34
  Use: Scroll            |     6 |     2 |     2 ||    10
       Potion            |     1 |       |    37 ||    38
 Stab: Sleeping          |       |     3 |     8 ||    11
